PAAA
PLYMOUTH ROCKS @ BAKERSFIELD NOBLES
08/01/2029
 
TOP OF THE 1ST
Plymouth Rocks batting - Pitching for Bakersfield Nobles : LHP Piotr Oja
Pitching: LHP Piotr Oja
Batting: LHB José Castillo 0-0: Called Strike
0-1: Ball
1-1: Ball
2-1: Foul Ball, location: 2F
2-2: Ground out 3-1 (Groundball, 34)
Batting: SHB Roku Hara 0-0: Ball
1-0: Ball
2-0: Ground out 6-3 (Groundball, 6)
Batting: SHB Javier Vega 0-0: Called Strike
0-1: Ball
1-1: SINGLE (Flyball, 7LS)
Batting: RHB Ernesto Trevino 0-0: Called Strike
0-1: Swinging Strike
0-2: Ball
1-2: Fly out, F8 (Flyball, 8RS)
Top of the 1st over - 0 runs, 1 hit, 0 errors, 1 left on base; Plymouth 0 - Bakersfield 0
BOTTOM OF THE 1ST
Bakersfield Nobles batting - Pitching for Plymouth Rocks : RHP Rafael Méndez
Pitching: RHP Rafael Méndez
Batting: RHB Alfredo García 0-0: Called Strike
0-1: Ball
1-1: Ball
2-1: Foul Ball, location: 2F
2-2: Ball
3-2: Foul Ball, location: 2F
3-2: Base on Balls
Batting: LHB Hideki Hisanobu 0-0: Ball
Alfredo García steals 2nd base
1-0: Ground out 4-3 (Groundball, 4)
Alfredo García to third
Batting: LHB Theo Fightmaster 0-0: Ball
1-0: Ball
2-0: Ball
3-0: Called Strike
3-1: Base on Balls
Batting: LHB Jorge Alejándrez 0-0: SINGLE (Groundball, 34D)
Alfredo García scores
Theo Fightmaster to second
Runner from 2nd tries for 3rd, SAFE, no throw
Batting: RHB Martinus Xhaka 0-0: Ball
1-0: SINGLE (Line Drive, 7S)
Theo Fightmaster scores
Jorge Alejándrez to second
Batting: SHB Gregg Wagner 0-0: Called Strike
0-1: Swinging Strike
0-2: Ball
1-2: Ball
2-2: Foul Ball, location: 2F
2-2: 3-RUN HOME RUN (Flyball, 9LD), Distance : 344 ft
Batting: RHB Mario Blanco 0-0: Ball
1-0: Ball
2-0: Ball
3-0: Base on Balls
Batting: RHB Omer Yurtseven 0-0: Called Strike
0-1: Ball
1-1: Called Strike
1-2: Foul Ball, location: 2F
1-2: Fielders Choice at 2nd, 1-6 (Groundball, 13S)
Batting: RHB Yosuke Hayashi 0-0: Called Strike
0-1: Fly out, F9 (Flyball, 9S)
Bottom of the 1st over - 5 runs, 3 hits, 0 errors, 1 left on base; Plymouth 0 - Bakersfield 5
TOP OF THE 2ND
Plymouth Rocks batting - Pitching for Bakersfield Nobles : LHP Piotr Oja
Batting: RHB Chris Teague 0-0: Fly out, F8 (Flyball, 8LD)
Batting: RHB Arturo Maldonado 0-0: Ball
1-0: Foul Ball, location: 2F
1-1: Swinging Strike
1-2: Ball
2-2: Strikes out swinging
Batting: SHB Arnold Griffith 0-0: Ground out U3 (Groundball, 34)
Top of the 2nd over - 0 runs, 0 hits, 0 errors, 0 left on base; Plymouth 0 - Bakersfield 5
BOTTOM OF THE 2ND
Bakersfield Nobles batting - Pitching for Plymouth Rocks : RHP Rafael Méndez
Batting: RHB Alfredo García 0-0: Ball
1-0: Ball
2-0: SINGLE (Groundball, 6MD)
Batting: LHB Hideki Hisanobu 0-0: Ball
1-0: Ball
2-0: Fly out, F7 (Line Drive, 7)
Batting: LHB Theo Fightmaster 0-0: Called Strike
0-1: Ball
1-1: Called Strike
1-2: Ball
2-2: Foul Ball, location: 2F
2-2: Reached on error, E5 (Groundball, 5S)
Alfredo García to second
Batting: LHB Jorge Alejándrez 0-0: Called Strike
0-1: Foul Ball, location: 2F
0-2: Foul Ball, location: 2F
0-2: Strikes out looking
Batting: RHB Martinus Xhaka 0-0: Swinging Strike
Passed Ball!
Alfredo García to third
Theo Fightmaster to second
0-1: Foul Ball, location: 2F
0-2: Ground out 5-3 (Groundball, 56)
Bottom of the 2nd over - 0 runs, 1 hit, 1 error, 2 left on base; Plymouth 0 - Bakersfield 5
TOP OF THE 3RD
Plymouth Rocks batting - Pitching for Bakersfield Nobles : LHP Piotr Oja
Batting: RHB Andrew Weeks 0-0: Called Strike
0-1: Foul Ball, location: 2F
0-2: Ball
1-2: Ball
2-2: Strikes out swinging
Batting: RHB Hubert Dodson 0-0: Called Strike
0-1: Ball
1-1: Swinging Strike
1-2: Strikes out looking
Batting: LHB José Castillo 0-0: Ball
1-0: Ball
2-0: Foul Ball, location: 2F
2-1: SOLO HOME RUN (Flyball, 9LD), Distance : 359 ft
Batting: SHB Roku Hara 0-0: Ball
1-0: SOLO HOME RUN (Flyball, 7LD), Distance : 337 ft
Batting: SHB Javier Vega 0-0: Ball
1-0: Ball
2-0: Ball
3-0: Base on Balls
Batting: RHB Ernesto Trevino 0-0: Called Strike
0-1: Ball
1-1: Foul Ball, location: 2F
1-2: Strikes out swinging
Top of the 3rd over - 2 runs, 2 hits, 0 errors, 1 left on base; Plymouth 2 - Bakersfield 5
BOTTOM OF THE 3RD
Bakersfield Nobles batting - Pitching for Plymouth Rocks : RHP Rafael Méndez
Batting: SHB Gregg Wagner 0-0: Fly out, F9 (Flyball, 9LSF)
Batting: RHB Mario Blanco 0-0: Called Strike
0-1: Foul Ball, location: 2F
0-2: Ball
1-2: DOUBLE (Line Drive, 78D)
Batting: RHB Omer Yurtseven 0-0: Ball
1-0: Fly out, F4 (Popup, 34)
Batting: RHB Yosuke Hayashi 0-0: Foul Ball, location: 2F
0-1: Ball
1-1: Foul Ball, location: 2F
1-2: Ground out 1-3 (Groundball, 13S)
Bottom of the 3rd over - 0 runs, 1 hit, 0 errors, 1 left on base; Plymouth 2 - Bakersfield 5
TOP OF THE 4TH
Plymouth Rocks batting - Pitching for Bakersfield Nobles : LHP Piotr Oja
Batting: RHB Chris Teague 0-0: Foul Ball, location: 2F
0-1: Ball
1-1: Ball
2-1: Ball
3-1: Ground out 1-3 (Groundball, 13S)
Batting: RHB Arturo Maldonado 0-0: Swinging Strike
0-1: Called Strike
0-2: Ball
1-2: Ball
2-2: Strikes out swinging
Batting: SHB Arnold Griffith 0-0: Foul Ball, location: 2F
0-1: Swinging Strike
0-2: Ground out 6-3 (Groundball, 6)
Top of the 4th over - 0 runs, 0 hits, 0 errors, 0 left on base; Plymouth 2 - Bakersfield 5
BOTTOM OF THE 4TH
Bakersfield Nobles batting - Pitching for Plymouth Rocks : RHP Rafael Méndez
Batting: RHB Alfredo García 0-0: Ball
1-0: Called Strike
1-1: Called Strike
1-2: Ball
2-2: Fly out, F7 (Flyball, 7LMF)
Batting: LHB Hideki Hisanobu 0-0: Ball
1-0: Ball
2-0: Foul Ball, location: 2F
2-1: Fly out, F9 (Flyball, 89M)
Batting: LHB Theo Fightmaster 0-0: Ball
1-0: Foul Ball, location: 2F
1-1: Ball
2-1: Called Strike
2-2: Fly out, F9 (Flyball, 89M)
Bottom of the 4th over - 0 runs, 0 hits, 0 errors, 0 left on base; Plymouth 2 - Bakersfield 5
TOP OF THE 5TH
Plymouth Rocks batting - Pitching for Bakersfield Nobles : LHP Piotr Oja
Batting: RHB Andrew Weeks 0-0: Called Strike
0-1: Ball
1-1: Ball
2-1: Ball
3-1: Base on Balls
Batting: RHB Hubert Dodson 0-0: Sac Bunt - play at first, batter OUT! 5-3
Andrew Weeks to second
Batting: LHB José Castillo 0-0: Foul Ball, location: 2F
0-1: Foul Ball, location: 2F
0-2: Ball
1-2: Ground out 1-3 (Groundball, P)
Andrew Weeks to third
Batting: SHB Roku Hara 0-0: Ball
1-0: Ground out 5-3 (Groundball, 56)
Top of the 5th over - 0 runs, 0 hits, 0 errors, 1 left on base; Plymouth 2 - Bakersfield 5
BOTTOM OF THE 5TH
Bakersfield Nobles batting - Pitching for Plymouth Rocks : RHP Rafael Méndez
Batting: LHB Jorge Alejándrez 0-0: Called Strike
0-1: Ball
1-1: SINGLE (Flyball, 34D)
Batting: RHB Martinus Xhaka 0-0: Foul Ball, location: 2F
0-1: Called Strike
0-2: Grounds into double play, 6-4-3 (Groundball, 6)
Batting: SHB Gregg Wagner 0-0: Ball
1-0: Fly out, F3 (Line Drive, 3S)
Bottom of the 5th over - 0 runs, 1 hit, 0 errors, 0 left on base; Plymouth 2 - Bakersfield 5
TOP OF THE 6TH
Plymouth Rocks batting - Pitching for Bakersfield Nobles : LHP Piotr Oja
Batting: SHB Javier Vega 0-0: Ball
1-0: SINGLE (Line Drive, 78S)
Batting: RHB Ernesto Trevino 0-0: Called Strike
0-1: Ball
1-1: Foul Ball, location: 2F
1-2: Strikes out swinging
Batting: RHB Chris Teague 0-0: Called Strike
0-1: Ball
1-1: Called Strike
1-2: Grounds into double play, 4-6-3 (Groundball, 4M)
Top of the 6th over - 0 runs, 1 hit, 0 errors, 0 left on base; Plymouth 2 - Bakersfield 5
BOTTOM OF THE 6TH
Bakersfield Nobles batting - Pitching for Plymouth Rocks : RHP Rafael Méndez
Batting: RHB Mario Blanco 0-0: Swinging Strike
0-1: Ball
1-1: Ball
2-1: Swinging Strike
2-2: Strikes out swinging
Batting: RHB Omer Yurtseven 0-0: Called Strike
0-1: Fly out, F8 (Line Drive, 89XD)
Batting: RHB Yosuke Hayashi 0-0: Foul Ball, location: 2F
0-1: Fly out, F7 (Flyball, 7LMF)
Bottom of the 6th over - 0 runs, 0 hits, 0 errors, 0 left on base; Plymouth 2 - Bakersfield 5
TOP OF THE 7TH
Plymouth Rocks batting - Pitching for Bakersfield Nobles : LHP Piotr Oja
Batting: RHB Arturo Maldonado 0-0: Called Strike
0-1: Ball
1-1: Ground out 4-3 (Groundball, 4)
Batting: SHB Arnold Griffith 0-0: Foul Ball, location: 2F
0-1: Ball
1-1: Fly out, F8 (Flyball, 89XD)
Batting: RHB Andrew Weeks 0-0: Ball
1-0: Ball
2-0: Ball
3-0: Called Strike
3-1: Base on Balls
Batting: RHB Hubert Dodson 0-0: Fly out, F8 (Flyball, 8RD)
Top of the 7th over - 0 runs, 0 hits, 0 errors, 1 left on base; Plymouth 2 - Bakersfield 5
BOTTOM OF THE 7TH
Bakersfield Nobles batting - Pitching for Plymouth Rocks : RHP Rafael Méndez
Batting: RHB Alfredo García 0-0: Called Strike
0-1: Ball
1-1: Ball
2-1: Bunt for hit - play at first, batter safe!
Batting: LHB Hideki Hisanobu 0-0: Ball
1-0: Ball
2-0: Grounds into double play, 4-6-3 (Groundball, 4)
Batting: LHB Theo Fightmaster 0-0: Called Strike
0-1: Ground out 6-3 (Groundball, 6M)
Bottom of the 7th over - 0 runs, 1 hit, 0 errors, 0 left on base; Plymouth 2 - Bakersfield 5
TOP OF THE 8TH
Plymouth Rocks batting - Pitching for Bakersfield Nobles : LHP Piotr Oja
Batting: LHB José Castillo 0-0: Ball
1-0: Ball
2-0: Foul Ball, location: 2F
2-1: Foul Ball, location: 2F
2-2: Foul Ball, location: 2F
2-2: Strikes out swinging
Batting: SHB Roku Hara 0-0: Ball
1-0: Ball
2-0: Called Strike
2-1: SINGLE (Groundball, 56D)
Batting: SHB Javier Vega 0-0: Ball
1-0: Fly out, F7 (Flyball, 7D)
Batting: RHB Ernesto Trevino 0-0: Foul Ball, location: 2F
0-1: Swinging Strike
0-2: Ball
1-2: Foul Ball, location: 2F
1-2: Ball
2-2: Foul Ball, location: 2F
2-2: Ball
3-2: Base on Balls
Roku Hara to second
Pitching: RHP Sukejuro Yokoyama
Batting: RHB Chris Teague 0-0: Ball
1-0: Foul Ball, location: 2F
1-1: Ball
2-1: SINGLE (Groundball, 56D)
Roku Hara to third
Ernesto Trevino to second
Runner from 3rd tries for Home, SAFE, throw made home
Pinch Hitting: LHB Carlos Álvarez 0-0: Ball
1-0: Called Strike
1-1: Called Strike
1-2: Foul Ball, location: 2F
1-2: Strikes out looking
Top of the 8th over - 1 run, 2 hits, 0 errors, 2 left on base; Plymouth 3 - Bakersfield 5
BOTTOM OF THE 8TH
Bakersfield Nobles batting - Pitching for Plymouth Rocks : RHP Rafael Méndez
Now in LF: Carlos Álvarez
Batting: LHB Jorge Alejándrez 0-0: SINGLE (Line Drive, 34D)
Batting: RHB Martinus Xhaka Pickoff Throw to First - Error! E1
Jorge Alejándrez to second
0-0: Called Strike
0-1: Foul Ball, location: 2F
0-2: Ground out 6-3 (Groundball, 6S)
Jorge Alejándrez to third
Pitching: LHP Roberto Aguirre
Batting: SHB Gregg Wagner 0-0: Foul Ball, location: 2F
0-1: Ball
1-1: Foul Ball, location: 2F
1-2: Foul Ball, location: 2F
1-2: Strikes out swinging
Batting: RHB Mario Blanco 0-0: Called Strike
0-1: Called Strike
0-2: Ball
1-2: Ball
2-2: Ball
3-2: Foul Ball, location: 2F
3-2: Fly out, F9 (Flyball, 89D)
Bottom of the 8th over - 0 runs, 1 hit, 1 error, 1 left on base; Plymouth 3 - Bakersfield 5
TOP OF THE 9TH
Plymouth Rocks batting - Pitching for Bakersfield Nobles : RHP Sukejuro Yokoyama
Batting: SHB Arnold Griffith 0-0: Ball
1-0: Called Strike
1-1: Ball
2-1: Called Strike
2-2: Strikes out swinging
Batting: RHB Andrew Weeks 0-0: Swinging Strike
0-1: Ball
1-1: Ball
2-1: DOUBLE (Line Drive, 9LM)
Batting: RHB Hubert Dodson 0-0: Fly out, F9 (Flyball, 9S)
Batting: LHB José Castillo 0-0: Ball
1-0: Foul Ball, location: 2F
1-1: Ball
2-1: Foul Ball, location: 2F
2-2: Fly out, F8 (Line Drive, 8LM)
Top of the 9th over - 0 runs, 1 hit, 0 errors, 1 left on base; Plymouth 3 - Bakersfield 5
Tuesday, December 19th, 2017 - OOTP Baseball 18.8 Build 76